 Dungeon Crawl Stone Soup version 0.15.0-23-gc2b521c (webtiles) character file.

160 Gravenous the Cudgeler (level 5, -2/30 HPs)
             Began as a Gargoyle Warper on Sept 7, 2014.
             Slain by an ogre
             ... wielding a +0 giant club
              (15 damage)
             ... on Level 4 of the Dungeon.
             The game lasted 00:05:29 (2813 turns).

Gravenous the Cudgeler (Gargoyle Warper)            Turns: 2813, Time: 00:05:29

HP  -2/30        AC 11     Str 14 (16) XL: 5   Next: 41%
MP   9/9         EV 14     Int 13      God:
Gold 148         SH  5     Dex 14      Spells:  1 memorised,  7 levels left

rFire  . . .     SeeInvis .     a - +0 mace
rCold  . . .     Clarity  .     q - +0 ring mail
rNeg   + + .     rCorr    .     t - +0 buckler
rPois  +         rRot     +     (no helmet)
rElec  +         Spirit   .     (no cloak)
SustAb .         Warding  .     A - +0 pair of gloves
rMut   .         Stasis   .     n - +0 pair of boots
Gourm  +                        y - amulet of the gourmand
MR     .....                    (no ring)
                                p - ring of positive energy

@: agile, not resistant to hostile enchantments, unstealthy
A: blurry vision 1, deterioration 1, negative energy resistance 1, screaming 1,
electricity resistance, unbreathing, petrification resistance, rot immunity, AC
+4
a: no special abilities


You were on level 4 of the Dungeon.
You were not hungry.

You visited 1 branch of the dungeon, and saw 4 of its levels.

You collected 148 gold pieces.

Inventory:

Hand weapons
 a - a +0 mace (weapon)
Missiles
 e - a tomahawk of dispersal (quivered)
Armour
 b - a +0 leather armour
 n - a +0 pair of boots (worn)
 q - a +0 ring mail (worn)
 t - a +0 buckler (worn)
 A - a +0 pair of gloves (worn)
Comestibles
 f - 4 bread rations
 i - a royal jelly
 j - a beef jerky
 k - a chunk of rat flesh
 v - 2 meat rations
Scrolls
 d - 2 scrolls of blinking
 g - a scroll of teleportation {unknown}
 h - 2 scrolls of enchant weapon {unknown}
 l - a scroll of enchant armour {unknown}
 m - 2 scrolls of immolation {unknown}
 r - 4 scrolls of remove curse {unknown}
 u - a scroll of fog {unknown}
 z - 2 scrolls of identify {unknown}
Jewellery
 o - an uncursed amulet of stasis
 p - a ring of positive energy (left hand)
 y - an amulet of the gourmand (around neck)
Books
 c - a book of Spatial Translocations

   Spells                             Type                      Level
   *Apportation                       Translocation                1
   Blink                              Translocation                2
   Shroud of Golubria                 Charms/Translocation         2
   Portal Projectile                  Translocation                3
   Teleport Other                     Translocation                3
   Passage of Golubria                Translocation                4


   Skills:
 - Level 2.1 Fighting
 + Level 3.8 Maces & Flails
 - Level 1.0 Throwing
 - Level 2.1 Armour
 - Level 1.5 Dodging
 * Level 3.4 Shields
 - Level 2.0 Spellcasting
 - Level 2.6 Translocations


You had 7 spell levels left.
You knew the following spells:

 Your Spells              Type           Power        Failure   Level  Hunger
a - Apportation           Tloc           #.........   17%         1    ##.....


Dungeon Overview and Level Annotations

Branches:
Dungeon (4/15)
 Temple: D:4-7

Altars:


Innate Abilities, Weirdness & Mutations

You are resistant to torment.
You are immune to poison.
Your stone body is very resilient (AC +4).
You resist negative energy.
You are resistant to electric shocks.
You can survive without breathing.
You are immune to petrification.
You are immune to rotting.
Your vision is a little blurry.
Your body is slowly deteriorating.
You occasionally shout uncontrollably at your foes.


Message History

Ouch! That really hurt!
You completely miss the ogre. The ogre barely misses you.
You hit the ogre.
The ogre is lightly wounded.
The ogre misses you.
You hit the ogre.
The ogre is lightly wounded.
The ogre misses you.
You hit the ogre.
The ogre is moderately wounded.
The orc wizard gestures wildly while chanting.
You feel troubled.
The orc wizard casts a spell.
You feel a wave of unholy energy pass over you.
You block the ogre's attack.
You hit the ogre.
The ogre is heavily wounded.
The ogre hits you with a giant club!
Ouch! That really hurt!
You die...

###### #....# #....#
#....######## #..........(.
#####################............
oo..o.......oooO@........).......
.####################............
..# . #............ o..# ...
#............ (#.O.
......####.###.##.## ......
..................## o###?#
......####.###.##.#. .. .
..................) o#
..###.###.#......<.


You could see an ogre, an orc wizard and 2 orcs.

Vanquished Creatures
  An orc priest (D:3)
  2 orc wizards
  An adder (D:2)
  A worm (D:2)
  6 orcs
  4 bats
  7 hobgoblins
  3 jackals (D:2)
  2 giant newts
  9 goblins
  9 kobolds
  2 quokkas
  11 rats
58 creatures vanquished.

Notes
Turn   | Place    | Note
--------------------------------------------------------------
     0 | D:1      | Gravenous, the Gargoyle Warper, began the quest for the Orb.
     0 | D:1      | Reached XP level 1. HP: 12/12 MP: 3/3
   195 | D:1      | Reached XP level 2. HP: 17/17 MP: 4/4
   979 | D:2      | Reached skill level 3 in Maces & Flails
   979 | D:2      | Reached XP level 3. HP: 21/21 MP: 6/6
  1264 | D:2      | HP: 1/21 [worm (6)]
  1757 | D:3      | Reached skill level 1 in Shields
  1835 | D:3      | Reached XP level 4. HP: 26/26 MP: 7/7
  1935 | D:3      | Reached XP level 5. HP: 30/30 MP: 9/9
  2779 | D:4      | Noticed an ogre
  2796 | D:4      | Gained mutation: You occasionally shout uncontrollably at your foes. [potion of mutation]
  2796 | D:4      | Gained mutation: Your vision is a little blurry. [potion of mutation]
  2796 | D:4      | Gained mutation: Your body is slowly deteriorating. [potion of mutation]
  2813 | D:4      | Slain by an ogre

Action                   |  1- 3 |  4- 6 || total
-------------------------+-------+-------++-------
Melee: Mace              |   140 |    91 ||   231
Throw: Tomahawk          |     2 |     2 ||     4
  Use: Potion            |       |     6 ||     6
  Eat: Chunk             |     3 |     3 ||     6
